Workbook
Name BudgetCategory: '[1]Drop Down List Text'!$J$2:$J$10
Name Capacity1: '[1]Grant Activities Outline'!$B$27
Name Capacity10: '[1]Grant Activities Outline'!$B$468
Name Capacity11: '[1]Grant Activities Outline'!$B$517
Name Capacity12: '[1]Grant Activities Outline'!$B$566
Name Capacity13: '[1]Grant Activities Outline'!$B$615
Name Capacity14: '[1]Grant Activities Outline'!$B$664
Name Capacity15: '[1]Grant Activities Outline'!$B$713
Name Capacity16: '[1]Grant Activities Outline'!$B$762
Name Capacity17: '[1]Grant Activities Outline'!$B$811
Name Capacity18: '[1]Grant Activities Outline'!$B$860
Name Capacity19: '[1]Grant Activities Outline'!$B$909
Name Capacity2: '[1]Grant Activities Outline'!$B$76
Name Capacity20: '[1]Grant Activities Outline'!$B$958
Name Capacity21: '[1]Grant Activities Outline'!$B$1007
Name Capacity22: '[1]Grant Activities Outline'!$B$1056
Name Capacity23: '[1]Grant Activities Outline'!$B$1105
Name Capacity24: '[1]Grant Activities Outline'!$B$1154
Name Capacity25: '[1]Grant Activities Outline'!$B$1203
Name Capacity26: '[1]Grant Activities Outline'!$B$1252
Name Capacity27: '[1]Grant Activities Outline'!$B$1301
Name Capacity28: '[1]Grant Activities Outline'!$B$1350
Name Capacity29: '[1]Grant Activities Outline'!$B$1399
Name Capacity3: '[1]Grant Activities Outline'!$B$125
Name Capacity30: '[1]Grant Activities Outline'!$B$1448
Name Capacity31: '[1]Grant Activities Outline'!$B$1497
Name Capacity32: '[1]Grant Activities Outline'!$B$1546
Name Capacity33: '[1]Grant Activities Outline'!$B$1595
Name Capacity34: '[1]Grant Activities Outline'!$B$1644
Name Capacity35: '[1]Grant Activities Outline'!$B$1693
Name Capacity36: '[1]Grant Activities Outline'!$B$1742
Name Capacity37: '[1]Grant Activities Outline'!$B$1791
Name Capacity38: '[1]Grant Activities Outline'!$B$1840
Name Capacity39: '[1]Grant Activities Outline'!$B$1889
Name Capacity4: '[1]Grant Activities Outline'!$B$174
Name Capacity40: '[1]Grant Activities Outline'!$B$1938
Name Capacity41: '[1]Grant Activities Outline'!$B$1987
Name Capacity42: '[1]Grant Activities Outline'!$B$2036
Name Capacity43: '[1]Grant Activities Outline'!$B$2085
Name Capacity44: '[1]Grant Activities Outline'!$B$2134
Name Capacity45: '[1]Grant Activities Outline'!$B$2183
Name Capacity46: '[1]Grant Activities Outline'!$B$2232
Name Capacity47: '[1]Grant Activities Outline'!$B$2281
Name Capacity48: '[1]Grant Activities Outline'!$B$2330
Name Capacity49: '[1]Grant Activities Outline'!$B$2379
Name Capacity5: '[1]Grant Activities Outline'!$B$223
Name Capacity50: '[1]Grant Activities Outline'!$B$2428
Name Capacity51: '[1]Grant Activities Outline'!$B$2477
Name Capacity52: '[1]Grant Activities Outline'!$B$2526
Name Capacity53: '[1]Grant Activities Outline'!$B$2575
Name Capacity54: '[1]Grant Activities Outline'!$B$2624
Name Capacity55: '[1]Grant Activities Outline'!$B$2673
Name Capacity56: '[1]Grant Activities Outline'!$B$2722
Name Capacity57: '[1]Grant Activities Outline'!$B$2771
Name Capacity58: '[1]Grant Activities Outline'!$B$2820
Name Capacity59: '[1]Grant Activities Outline'!$B$2869
Name Capacity6: '[1]Grant Activities Outline'!$B$272
Name Capacity60: '[1]Grant Activities Outline'!$B$2918
Name Capacity61: '[1]Grant Activities Outline'!$B$2967
Name Capacity62: '[1]Grant Activities Outline'!$B$3016

Sheet Guidance
A1: OMB. No. TBD
A2: Expiration: TBD
A3: TCGP Project Worksheet Guidance This draft Project Worksheet should be used until the final form is approved by OMB
A6: Complete rows 7-11 with the organization's information.
A7: Tribal POC Name:
A8: Tribal POC Title:
A9: Tribal Address:
A10: Tribal POC Phone Number:
A11: Tribal POC Email Address:
A12: The table below provides a brief overview of the two tabs in the TCGP Project Worksheet.
A13: Worksheet | C13: Column | E13: Guidance | G13: Purpose
A14: Baseline Project Information | C14: This tab requires the applicant to provide: A) Tribe Name; B) Investment; C) Project Name; D) Project Alignment to 13 Cybersecurity Elements; E) Project Description; F) Project Location (Zip Code); G) Primary Core Capability; H) Sustain or Build; I-N) POETE; and O) Total Project Costs. | E14: Management and Administrative (M&A) funding must be included in the PW. Up to 5% of the Federal Award Amount can be retained for M&A purposes. Remove blank project rows and example text from tab before submission. Data is populated throughout the tabs for reference of how to complete form. Ensure all formulas and totals are aligned under Total Project Costs. | G14: Project Information
A15: Project Implementation | C15: This worksheet requires outlining key project activities and tasks associated with each project identified in the IJ. For application, the estimated start and completion dates (by calendar quarter) should be included on the schedule. This sheet should also be used for quarterly reporting on grant activities. For progress reporting purposes, the actual start and completion dates (by calendar quarter) should be included on the schedule. If you indicated on the IJ that the project(s) address equity considerations and/or the impacts of climate change, please explain how in the space provided on this schedule. Include the tasks associated with the project that directly address equity and/or the impacts of climate change. Please note that the Project Implementation Tab does not have any character limits | G15: Project Implementation
A16: PAPERWORK BURDEN DISCLOSURE NOTICE Public reporting burden for this data collection is estimated to average 20 hours per response. The burden estimate includes the time for reviewing instructions, searching existing data sources, gathering and maintaining the data needed, and completing and submitting this form. You are not required to respond to this collection of information unless a valid OMB control number is displayed on this form. Send comments regarding the accuracy of the burden estimate and any suggestions for reducing the burden to: Information Collections Management, Department of Homeland Security, Federal Emergency Management Agency, 500 C Street. SW, Washington, DC 20472-3100, Paperwork Reduction Project (1660-0156) NOTE: Do not send your completed form to this address.
A17: SOVEREIGNTY ACKNOWLEDGMENT FEMA and CISA respect the sovereignty and self-determination of tribal governments and recognizes the intent of Congress to provide flexibility to tribal governments to meet cybersecurity needs across Indian Country through the TCGP. The changes to the program were made as a result of nation-to-nation consultation with tribal representatives across the country and are intended to support tribal cybersecurity resiliency.
A18: PRIVACY NOTICE GENERAL: This information is being collected for the primary purpose of determining eligibility and administration of TCGP and to ensure compliance with existing laws and regulations regarding TCGP. AUTHORITY: The Homeland Security Act of 2002, Section 2220A (Pub. L. No. 107-296, as amended by the Infrastructure Investment and Jobs Act (Pub. L. No. 117-58)) (6 U.S.C. § 665g)) USES AND SHARING: FEMA will not share the information collected from POCs, including personally identifiable information, outside of the collecting agency. Further information regarding FEMA’s use and sharing of information can be found within the DHS/FEMA/PIA-013 Grant Management Programs Privacy Impact Assessment. The Department’s list of Privacy Impact Assessments can be found on the Department’s website at https://www.dhs.gov/privacy-impact-assessments. EFFECTS OF NONDISCLOSURE: The disclosure of information on this form is voluntary; however, failure to provide the information requested may delay or prevent the organization from receiving grant funding.

Sheet Baseline Project Information
A1: This draft Project Worksheet should be used until the final form is approved by OMB
A2: Tribe Name | B2: Investment | C2: Project Name | D2: Project Alignment to 13 Required Cybersecurity Elements | E2: Project Description | F2: Project Location (ZIP Code) | G2: Primary Core Capability | H2: Sustain or Build | I2: Planning | J2: Organization | K2: Equipment | L2: Training | M2: Exercises | N2: POETE Subtotal | O2: Total Project Cost (Federal Amount)
A3: ='Project Implementation'!A3 -> Tribe XXXX | B3: Objective 1: Governance and Planning | G3: Cybersecurity | H3: Build | I3: 0 | J3: 0 | K3: 0 | L3: 0 | M3: 0 | N3: =SUM(I3:M3) -> 0 | O3: =SUM(N3) -> 0
A4: ='Project Implementation'!A4 -> Tribe XXXX | B4: Objective 2: Assessment and Evaluation | G4: Cybersecurity | H4: Build | I4: 0 | J4: 0 | K4: 0 | L4: 0 | M4: 0 | N4: =SUM(I4:M4) -> 0 | O4: =SUM(N4) -> 0
A5: ='Project Implementation'!A5 -> Tribe XXXX | B5: Objective 3: Mitigation | G5: Cybersecurity | H5: Build | I5: 0 | J5: 0 | K5: 0 | L5: 0 | M5: 0 | N5: =SUM(I5:M5) -> 0 | O5: =SUM(N5) -> 0
A6: ='Project Implementation'!A6 -> Tribe XXXX | B6: Objective 4: Workforce Development | G6: Cybersecurity | H6: Build | I6: 0 | J6: 0 | K6: 0 | L6: 0 | M6: 0 | N6: =SUM(I6:M6) -> 0 | O6: =SUM(N6) -> 0
I7: 0 | J7: 0 | K7: 0 | L7: 0 | M7: 0 | N7: =SUM(I7:M7) -> 0 | O7: =SUM(N7) -> 0
I8: 0 | J8: 0 | K8: 0 | L8: 0 | M8: 0 | N8: =SUM(I8:M8) -> 0 | O8: =SUM(N8) -> 0
I9: 0 | J9: 0 | K9: 0 | L9: 0 | M9: 0 | N9: =SUM(I9:M9) -> 0 | O9: =SUM(N9) -> 0
I10: 0 | J10: 0 | K10: 0 | L10: 0 | M10: 0 | N10: =SUM(I10:M10) -> 0 | O10: =SUM(N10) -> 0
I11: 0 | J11: 0 | K11: 0 | L11: 0 | M11: 0 | N11: =SUM(I11:M11) -> 0 | O11: =SUM(N11) -> 0
I12: 0 | J12: 0 | K12: 0 | L12: 0 | M12: 0 | N12: =SUM(I12:M12) -> 0 | O12: =SUM(N12) -> 0
I13: 0 | J13: 0 | K13: 0 | L13: 0 | M13: 0 | N13: =SUM(I13:M13) -> 0 | O13: =SUM(N13) -> 0
I14: 0 | J14: 0 | K14: 0 | L14: 0 | M14: 0 | N14: =SUM(I14:M14) -> 0 | O14: =SUM(N14) -> 0
A15: Tribe XXXX | B15: Management and Administration (M&A) (Up to 5% of the Federal Award Amount) | C15: Management and Administration (M&A) | D15: N/A | E15: Funding to provide for the administration, oversight, compliance of the grant award. | G15: Cybersecurity | H15: Build | I15: N/A | J15: N/A | K15: N/A | L15: N/A | M15: N/A | N15: =SUM(I15:M15) -> 0 | O15: =SUM(N15) -> 0
I17: =SUM(I3:I16) -> 0 | J17: =SUM(J3:J16) -> 0 | K17: =SUM(K3:K16) -> 0 | L17: =SUM(L3:L16) -> 0 | M17: =SUM(M3:M16) -> 0 | N17: =SUM(I17:M17) -> 0 | O17: =SUM(O2:O15) -> 0

Sheet Project Implementation
A1: This draft Project Worksheet should be used until the final form is approved by OMB
A2: Tribal Name (No Character Limit) | B2: Investment (No Character Limit) | C2: Project Name (No Character Limit) | D2: Project Description (No Character Limit) | E2: Does the Project Support a Previously Awarded Investment? Yes or No | F2: If yes, from which year? | G2: If Yes, which investment? | H2: Project Management Step | I2: Start Date | J2: End Date | K2: Total Project Cost (Federal Amount) (whole dollars only)
A3: Tribe XXXX | B3: Objective 1: Governance and Planning | K3: ='Baseline Project Information'!O3 -> 0
A4: Tribe XXXX | B4: Objective 2: Assessment and Evaluation | K4: ='Baseline Project Information'!O4 -> 0
A5: Tribe XXXX | B5: Objective 3: Mitigation | K5: ='Baseline Project Information'!O5 -> 0
A6: Tribe XXXX | B6: Objective 4: Workforce Development | K6: ='Baseline Project Information'!O6 -> 0
K7: ='Baseline Project Information'!O7 -> 0
K8: ='Baseline Project Information'!O8 -> 0
K9: ='Baseline Project Information'!O9 -> 0
K10: ='Baseline Project Information'!O10 -> 0
K11: ='Baseline Project Information'!O11 -> 0
K12: ='Baseline Project Information'!O12 -> 0
K13: ='Baseline Project Information'!O13 -> 0
K14: ='Baseline Project Information'!O14 -> 0
A15: Tribe XXXX | B15: Management and Administration (M&A) | C15: Management and Administration (M&A) | D15: Funding to provide for the administration, oversight, compliance of the grant award. | E15: No | F15: N/A | G15: N/A | H15: N/A | I15: N/A | J15: N/A | K15: ='Baseline Project Information'!O15 -> 0
K16: =SUBTOTAL(9,K3:K15) -> 0
